Coyotes vs Avalanche

Created - 3 avril 2017 at 19:39

Goals
1 2 3 OT1 T
Coyotes 2 1 0 1 4
Avalanche 0 2 1 0 3
Shots
1 2 3 OT1 T
Coyotes 19 11 6 2 38
Avalanche 13 10 6 0 29

1st period

1. Coyotes , Zach Parise 34 (Vincent Lecavalier) at 6:40 (PP)
2. Coyotes , Zach Parise 35 (Vincent Lecavalier, Josh Gorges) at 17:52

Penalties :
Andrew Ladd (Col) for Interference (Minor) at 6:39, Bryan Little (Col) for Hooking (Minor) at 12:23

2nd period

3. Avalanche , Jack Johnson 6 (Mikkel Boedker, Jay Bouwmeester) at 7:46
4. Avalanche , Mike Comrie 9 (Bryan Little, Alexander Radulov) at 12:23
5. Coyotes , Tyler Ennis 30 (Kristopher Letang, Nazem Kadri) at 12:35

Penalties :
Bryan Little (Col) for Cross-checking (Minor) at 10:04, Marian Gaborik (Ari) for Tripping (Minor) at 19:16

3rd period

6. Avalanche , Chuck Kobasew 12 (David Krejci, Ryan Smyth) at 1:40

Penalties :
Tyler Ennis (Ari) for Interference (Minor) at 14:34

Overtime #1

7. Coyotes , Brent Sopel 2 (Josh Gorges, Marian Gaborik) at 1:52 (PP)

Penalties :
Andrei Kostitsyn (Col) for Roughing (Minor) at 0:37

Goalie Stats

Adam Munro (Ari), 26 saves from 29 shots - (0,897), W, 2-0-0, 61:52 minutes
Dan Ellis (Col), 34 saves from 38 shots - (0,895), OTL, 13-11-4, 61:52 minutes

Players Stats for Coyotes

Player Name              G  A  P  +/- PIM S  H  SB GA TA FO     MP     PP MP  PK MP  
------------------------------------------------------------------------------------
Anton Stralman           0  0  0   1  0   1  0  3  1  0  0/0    25:31   2:01   1:07 
Brent Sopel              1  0  1   0  0   5  1  2  0  0  0/0    19:39   1:26   0:00 
Brooks Laich             0  0  0  -1  0   0  0  0  0  0  2/3    11:28   0:00   0:00 
Chris Stewart            0  0  0   0  0   1  1  1  0  0  0/0    15:56   1:26   0:00 
Enver Lisin              0  0  0  -1  0   2  0  0  0  0  0/0    11:33   0:00   0:00 
Georges Laraque          0  0  0   0  0   4  4  2  0  1  0/0    12:59   0:00   2:23 
Josh Gorges              0  2  2   0  0   3  1  2  1  2  0/0    21:14   0:35   2:51 
Kristopher Letang        0  1  1   1  0   0  1  3  1  1  0/0    25:31   2:02   1:07 
Marian Gaborik           0  1  1   0  2   3  1  1  1  0  0/0    19:59   2:33   0:00 
Martin Samuelsson        0  0  0  -1  0   0  3  0  0  0  1/2    12:49   0:00   1:27 
Maxim Talbot             0  0  0   0  0   2  0  0  0  0  6/8    10:15   0:00   0:23 
Michael Del Zotto        0  0  0  -2  0   0  0  1  1  0  0/0    15:21   1:36   0:00 
Nazem Kadri              0  1  1   0  0   0  0  1  1  0  4/7    16:25   1:26   0:00 
Ramzi Abid               0  0  0   0  0   0  0  0  2  2  1/3    12:15   0:00   2:20 
Toni Lydman              0  0  0  -2  0   4  1  1  0  0  0/0    16:28   0:18   2:51 
Tyler Ennis              1  0  1   0  2   4  0  1  2  1  0/0    16:35   1:26   0:00 
Vincent Lecavalier       0  2  2   0  0   3  2  0  0  0  17/31  19:48   2:33   0:00 
Zach Parise              2  0  2   0  0   6  2  0  2  0  1/3    19:42   2:33   1:23 

Players Stats for Avalanche

Player Name              G  A  P  +/- PIM S  H  SB GA TA FO     MP     PP MP  PK MP  
------------------------------------------------------------------------------------
Alexander Radulov        0  1  1   2  0   5  1  1  0  0  1/1    19:46   1:41   1:06 
Andrei Kostitsyn         0  0  0  -2  2   1  1  0  0  0  0/2    19:49   2:09   0:36 
Andrew Ladd              0  0  0   0  2   1  3  1  0  0  0/0    11:41   0:08   1:08 
Brandon Yip              0  0  0   0  0   1  1  1  1  1  0/0    11:18   0:08   1:08 
Bryan Little             0  1  1  -1  4   2  4  0  2  1  11/21  19:22   2:17   0:00 
Chuck Kobasew            1  0  1   1  0   1  1  0  0  0  0/0    10:35   0:00   2:00 
Corey Perry              0  0  0  -2  0   1  1  0  2  0  2/5    19:55   2:09   0:41 
David Krejci             0  1  1   1  0   1  3  0  0  0  1/2     9:17   0:00   0:42 
Jack Johnson             1  0  1   3  0   3  2  3  1  2  0/0    24:20   2:07   3:41 
Jay Bouwmeester          0  1  1   2  0   1  1  1  1  0  0/0    19:41   2:07   0:00 
Johnny Boychuk           0  0  0  -1  0   2  4  0  0  3  0/0    19:08   0:00   1:09 
Marc Staal               0  0  0   0  0   0  0  1  0  0  0/0    22:40   1:51   3:41 
Mike Comrie              1  0  1   2  0   4  1  1  0  0  7/18   18:35   0:00   1:51 
Mikkel Boedker           0  1  1   1  0   5  2  0  0  0  1/1    18:05   1:41   0:00 
Paul Stastny             0  0  0   0  0   1  2  1  0  0  2/7    11:29   1:41   0:00 
Pernell Karl Subban      0  0  0  -1  0   0  0  0  0  2  0/0    18:24   1:51   0:23 
Ryan Smyth               0  1  1   1  0   0  0  1  0  2  0/0     8:35   0:00   0:00 
Shane O'Brien            0  0  0  -1  0   0  0  1  0  1  0/0    19:31   0:00   1:32 

3 Stars

1 - Zach Parise (Ari)
2 - Jack Johnson (Col)
3 - Mike Comrie (Col)

Power Play

Coyotes - 2 on 4 Attempt(s) - 50,00%
Avalanche - 0 on 2 Attempt(s) - 0,00%

Penalty Kill

Coyotes - 2 on 2 Attempt(s) - 100,00% - Score 0 goal in Penalty Kill
Avalanche - 2 on 4 Attempt(s) - 50,00% - Score 0 goal in Penalty Kill

Team Stat

Coyotes - Hits : 17 - Faceoff Wins : 32 - Blocked Shots : 18 - Penalty Minutes : 4
Avalanche - Hits : 27 - Faceoff Wins : 25 - Blocked Shots : 12 - Penalty Minutes : 8

Official

Referees : StPierre Justin and O'Halloran Dan
Linesman : Derek Nansen and Jay Sharrers

Game Notes

No Game Note

Finance

Level 1 -- Attendance: 5467 (91,12%) -- Ticket Income 459 228 $
Level 2 -- Attendance: 5000 (100,00%) -- Ticket Income 250 000 $
Level 3 -- Attendance: 1800 (90,00%) -- Ticket Income 50 400 $
Level 4 -- Attendance: 4000 (100,00%) -- Ticket Income 72 000 $
Luxury Box -- Attendance: 840 (84,00%) -- Ticket Income 140 280 $
Game was played at the Pepsi Center.
Total Attendance: 17107 (95,04%)
Total Ticket Income: 971 908 $
Other Income: 145 786 $
Total Income: 1 117 694 $

Coyotes

5 vs 5 Forward 
   Center                   Left Wing                Right Wing               Time % Phy DF OF 
 1 Vincent Lecavalier       Zach Parise              Marian Gaborik           38     1   1  3  
 2 Nazem Kadri              Tyler Ennis              Chris Stewart            30     1   2  2  
 3 Brooks Laich             Martin Samuelsson        Enver Lisin              18     1   2  2  
 4 Maxim Talbot             Ramzi Abid               Georges Laraque          14     1   2  2  

5 vs 5 Defense 
   Defense                  Defense                                           Time % Phy DF OF 
 1 Kristopher Letang        Anton Stralman                                    40     1   2  2  
 2 Josh Gorges              Brent Sopel                                       34     1   2  2  
 3 Toni Lydman              Michael Del Zotto                                 26     1   2  2  
 4 Kristopher Letang        Anton Stralman                                    0      1   3  1  

PowerPlay Forward 
   Center                   Left Wing                Right Wing               Time % Phy DF OF 
 1 Vincent Lecavalier       Zach Parise              Marian Gaborik           60     1   0  4  
 2 Nazem Kadri              Tyler Ennis              Chris Stewart            40     1   0  4  

PowerPlay Defense
   Defense                  Defense                                           Time % Phy DF OF 
 1 Kristopher Letang        Anton Stralman                                    60     0   2  3  
 2 Brent Sopel              Michael Del Zotto                                 40     0   2  3  

Penalty Kill 4 Players Forward 
   Center                   Wing                     Time % Phy DF OF 
 1 Ramzi Abid               Georges Laraque          55     0   4  1  
 2 Martin Samuelsson        Zach Parise              45     0   4  1  

Penalty Kill 4 Players Defense
   Defense                  Defense                  Time % Phy DF OF 
 1 Josh Gorges              Toni Lydman              60     1   4  0  
 2 Kristopher Letang        Anton Stralman           40     1   4  0  

Penalty Kill - 3 Players Forward 
   Forward                                           Time % Phy DF OF 
 1 Zach Parise                                       60     0   4  1  
 2 Ramzi Abid                                        40     0   4  1  

Penalty Kill - 3 Players Defense
   Defense                  Defense                  Time % Phy DF OF 
 1 Josh Gorges              Toni Lydman              60     1   4  0  
 2 Anton Stralman           Kristopher Letang        40     1   4  0  

4 vs 4 Forward 
   Center                   Wing                     Time % Phy DF OF 
 1 Vincent Lecavalier       Marian Gaborik           55     0   2  3  
 2 Nazem Kadri              Tyler Ennis              45     0   2  3  

4 vs 4 Defense
   Defense                  Defense                  Time % Phy DF OF 
 1 Kristopher Letang        Anton Stralman           60     1   3  1  
 2 Josh Gorges              Brent Sopel              40     1   3  1  

Last Minutes Offensive
   Center                   Left Wing                Right Wing               Defense                  Defense                  
   Vincent Lecavalier       Zach Parise              Marian Gaborik           Kristopher Letang        Brent Sopel              

Last Minutes Defensive
   Center                   Left Wing                Right Wing               Defense                  Defense                  
   Vincent Lecavalier       Zach Parise              Georges Laraque          Josh Gorges              Toni Lydman              

Goaltenders
Starting : Adam Munro               
Backup : Ryan Miller              

Extra Forwards
Normal : Marian Gaborik, Brooks Laich, Enver Lisin - PP : Brooks Laich, Maxim Talbot - PK : Maxim Talbot
Extra Defensemen
Normal : Josh Gorges, Brent Sopel, Michael Del Zotto - PP : Josh Gorges - PK : Kristopher Letang, Brent Sopel
Penalty Shots
Tyler Ennis, Vincent Lecavalier, Marian Gaborik, Zach Parise, Chris Stewart

Avalanche

5 vs 5 Forward 
   Center                   Left Wing                Right Wing               Time % Phy DF OF 
 1 Bryan Little             Andrei Kostitsyn         Corey Perry              35     1   2  2  
 2 Mike Comrie              Mikkel Boedker           Alexander Radulov        35     1   2  2  
 3 Paul Stastny             Andrew Ladd              Brandon Yip              15     1   2  2  
 4 David Krejci             Ryan Smyth               Chuck Kobasew            15     1   2  2  

5 vs 5 Defense 
   Defense                  Defense                                           Time % Phy DF OF 
 1 Jack Johnson             Jay Bouwmeester                                   35     1   2  2  
 2 Pernell Karl Subban      Marc Staal                                        35     1   2  2  
 3 Johnny Boychuk           Shane O'Brien                                     30     1   2  2  
 4 Jack Johnson             Marc Staal                                        0      1   2  2  

PowerPlay Forward 
   Center                   Left Wing                Right Wing               Time % Phy DF OF 
 1 Bryan Little             Andrei Kostitsyn         Corey Perry              60     1   2  2  
 2 Paul Stastny             Mikkel Boedker           Alexander Radulov        40     1   2  2  

PowerPlay Defense
   Defense                  Defense                                           Time % Phy DF OF 
 1 Jack Johnson             Jay Bouwmeester                                   60     1   2  2  
 2 Pernell Karl Subban      Marc Staal                                        40     1   2  2  

Penalty Kill 4 Players Forward 
   Center                   Wing                     Time % Phy DF OF 
 1 Mike Comrie              Chuck Kobasew            60     1   2  2  
 2 Brandon Yip              Andrew Ladd              40     1   2  2  

Penalty Kill 4 Players Defense
   Defense                  Defense                  Time % Phy DF OF 
 1 Jack Johnson             Marc Staal               60     1   2  2  
 2 Shane O'Brien            Johnny Boychuk           40     1   2  2  

Penalty Kill - 3 Players Forward 
   Forward                                           Time % Phy DF OF 
 1 Corey Perry                                       60     1   2  2  
 2 Andrei Kostitsyn                                  40     1   2  2  

Penalty Kill - 3 Players Defense
   Defense                  Defense                  Time % Phy DF OF 
 1 Jack Johnson             Marc Staal               60     1   2  2  
 2 Shane O'Brien            Pernell Karl Subban      40     1   2  2  

4 vs 4 Forward 
   Center                   Wing                     Time % Phy DF OF 
 1 Corey Perry              Andrei Kostitsyn         60     1   2  2  
 2 Bryan Little             Mikkel Boedker           40     1   2  2  

4 vs 4 Defense
   Defense                  Defense                  Time % Phy DF OF 
 1 Jack Johnson             Marc Staal               60     1   2  2  
 2 Shane O'Brien            Jay Bouwmeester          40     1   2  2  

Last Minutes Offensive
   Center                   Left Wing                Right Wing               Defense                  Defense                  
   Bryan Little             Andrei Kostitsyn         Corey Perry              Jack Johnson             Jay Bouwmeester          

Last Minutes Defensive
   Center                   Left Wing                Right Wing               Defense                  Defense                  
   Mike Comrie              Andrew Ladd              Chuck Kobasew            Jack Johnson             Marc Staal               

Goaltenders
Starting : Dan Ellis                
Backup : Semyon Varlamov          

Extra Forwards
Normal : Andrew Ladd, Paul Stastny, Alexander Radulov - PP : Andrew Ladd, Paul Stastny - PK : Alexander Radulov
Extra Defensemen
Normal : Johnny Boychuk, Pernell Karl Subban, Shane O'Brien - PP : Johnny Boychuk - PK : Pernell Karl Subban, Shane O'Brien
Penalty Shots
Corey Perry, Andrei Kostitsyn, Bryan Little, Mikkel Boedker, Mike Comrie

% Time on Ice - Coyotes

Lines # - Real PCT - Wanted PCT - Time Play
Normal Forward
1 - 31% - 38% - 16:15
2 - 30% - 30% - 15:24
3 - 20% - 18% - 10:32
4 - 19% - 14% - 9:52
Normal Defense
1 - 40% - 40% - 20:39
2 - 34% - 34% - 17:52
3 - 26% - 26% - 13:19
4 - 0% - 0% - 0:13
PP Forward
1 - 64% - 60% - 2:33
2 - 36% - 40% - 1:26
PP Defense
1 - 60% - 60% - 2:23
2 - 40% - 40% - 1:36
PK Forward
1 - 65% - 55% - 2:35
2 - 35% - 45% - 1:23
PK Defense
1 - 72% - 60% - 2:51
2 - 28% - 40% - 1:07
PK3 Forward
1 - 0% - 60%
2 - 0% - 40%
PK3 Defense
1 - 0% - 60%
2 - 0% - 40%
44 Forward
1 - 79% - 55% - 1:28
2 - 21% - 45% - 0:24
44 Defense
1 - 67% - 60% - 1:15
2 - 33% - 40% - 0:37
Last Minute Offensive  - 0:00
Last Minute Defensive  - 0:00
Total
Forward - 61:52
Defense - 61:52

% Time on Ice - Avalanche

Lines # - Real PCT - Wanted PCT - Time Play
Normal Forward
1 - 33% - 35% - 17:04
2 - 32% - 35% - 16:51
3 - 18% - 15% - 9:33
4 - 16% - 15% - 8:35
Normal Defense
1 - 34% - 35% - 17:54
2 - 32% - 35% - 16:37
3 - 34% - 30% - 17:32
4 - 0% - 0% - 0:00
PP Forward
1 - 58% - 60% - 2:17
2 - 42% - 40% - 1:41
PP Defense
1 - 53% - 60% - 2:07
2 - 47% - 40% - 1:51
PK Forward
1 - 72% - 60% - 2:51
2 - 28% - 40% - 1:08
PK Defense
1 - 71% - 60% - 2:50
2 - 29% - 40% - 1:09
PK3 Forward
1 - 77% - 60% - 0:57
2 - 23% - 40% - 0:17
PK3 Defense
1 - 69% - 60% - 0:51
2 - 31% - 40% - 0:23
44 Forward
1 - 100% - 60% - 0:38
2 - 0% - 40% - 0:00
44 Defense
1 - 100% - 60% - 0:38
2 - 0% - 40% - 0:00
Last Minute Offensive  - 0:00
Last Minute Defensive  - 0:00
Total
Forward - 61:52
Defense - 61:52

Play by Play

1st period


0:01 of 1st period - Bryan Little wins face-off versus Vincent Lecavalier in neutral zone.
0:31 of 1st period - Anton Stralman is hit by Bryan Little and loses puck.
0:38 of 1st period - Slapshot by Andrei Kostitsyn.
0:38 of 1st period - Stopped by Adam Munro without a rebound.
0:39 of 1st period - Mike Comrie wins face-off versus Nazem Kadri in Coyotes zone.
0:46 of 1st period - Slapshot by Alexander Radulov.
0:46 of 1st period - Stopped by Adam Munro with a rebound.
0:48 of 1st period - Snap shot by Mike Comrie.
0:48 of 1st period - Stopped by Adam Munro without a rebound.
0:49 of 1st period - Nazem Kadri wins face-off versus Mike Comrie in Coyotes zone.
1:05 of 1st period - Snap shot by Mikkel Boedker.
1:05 of 1st period - Deflect By Alexander Radulov.
1:05 of 1st period - Stopped by Adam Munro with a rebound.
1:23 of 1st period - Wrist shot by Alexander Radulov.
1:23 of 1st period - Stopped by Adam Munro with a rebound.
1:25 of 1st period - Slapshot by Pernell Karl Subban.
1:25 of 1st period - Shot Blocked by Tyler Ennis.
1:27 of 1st period - Slapshot by Pernell Karl Subban.
1:27 of 1st period - Shot Misses the Net.
1:29 of 1st period - Slapshot by Marc Staal.
1:29 of 1st period - Shot Blocked by Brent Sopel.
1:31 of 1st period - Slapshot by Pernell Karl Subban.
1:31 of 1st period - Shot Blocked by Josh Gorges.
1:33 of 1st period - Slapshot by Marc Staal.
1:33 of 1st period - Shot Blocked by Chris Stewart.
1:35 of 1st period - Snap shot by Mike Comrie.
1:35 of 1st period - Shot Blocked by Josh Gorges.
1:37 of 1st period - Wrist shot by Pernell Karl Subban.
1:37 of 1st period - Shot Misses the Net.
1:39 of 1st period - Snap shot by Alexander Radulov.
1:39 of 1st period - Stopped by Adam Munro without a rebound.
1:40 of 1st period - Paul Stastny wins face-off versus Vincent Lecavalier in Coyotes zone.
1:49 of 1st period - Snap shot by Paul Stastny.
1:49 of 1st period - Shot Blocked by Marian Gaborik.
2:38 of 1st period - Slapshot by Kristopher Letang.
2:38 of 1st period - Shot Misses the Net.
2:40 of 1st period - Snap shot by Vincent Lecavalier.
2:40 of 1st period - Shot Blocked by Jack Johnson.
2:54 of 1st period - Shane O'Brien is hit by Georges Laraque and loses puck.
3:03 of 1st period - Snap shot by Johnny Boychuk.
3:03 of 1st period - Shot Misses the Net.
3:40 of 1st period - Slapshot by Alexander Radulov.
3:40 of 1st period - Shot Blocked by Brent Sopel.
4:13 of 1st period - Slapshot by Ramzi Abid.
4:13 of 1st period - Shot Misses the Net.
4:15 of 1st period - Slapshot by Toni Lydman.
4:15 of 1st period - Stopped by Dan Ellis with a rebound.
4:27 of 1st period - Andrew Ladd is hit by Martin Samuelsson and loses puck.
5:08 of 1st period - Snap shot by Corey Perry.
5:08 of 1st period - Shot Misses the Net.
5:10 of 1st period - Slapshot by Mike Comrie.
5:10 of 1st period - Shot Blocked by Michael Del Zotto.
5:12 of 1st period - Backhand shot by Shane O'Brien.
5:12 of 1st period - Deflect By Mikkel Boedker.
5:12 of 1st period - Stopped by Adam Munro with a rebound.
5:14 of 1st period - Wrist shot by Mikkel Boedker.
5:14 of 1st period - Shot Blocked by Georges Laraque.
5:25 of 1st period - Icing by Shane O'Brien.
5:26 of 1st period - Zach Parise wins face-off versus Mike Comrie in Avalanche zone.
5:42 of 1st period - Mikkel Boedker is hit by Vincent Lecavalier and loses puck.
6:17 of 1st period - Slapshot by David Krejci.
6:17 of 1st period - Shot Misses the Net.
6:23 of 1st period - Wrist shot by David Krejci.
6:23 of 1st period - Stopped by Adam Munro with a rebound.
6:25 of 1st period - Slapshot by Johnny Boychuk.
6:25 of 1st period - Deflect By Tyler Ennis.
6:25 of 1st period - Stopped by Adam Munro without a rebound.
6:26 of 1st period - Vincent Lecavalier wins face-off versus Paul Stastny in Coyotes zone.
6:26 of 1st period - Vincent Lecavalier is hit by Paul Stastny.
6:39 of 1st period - Minor Penalty to Andrew Ladd for Interference.
6:40 of 1st period - Vincent Lecavalier wins face-off versus Mike Comrie in Avalanche zone.
6:40 of 1st period - Wrist shot by Zach Parise.
6:40 of 1st period - Goal by Zach Parise - Coyotes : 1 - Avalanche : 0.
6:41 of 1st period - Bryan Little wins face-off versus Vincent Lecavalier in neutral zone.
6:54 of 1st period - Wrist shot by Corey Perry.
6:54 of 1st period - Shot Blocked by Kristopher Letang.
6:56 of 1st period - Slapshot by Jay Bouwmeester.
6:56 of 1st period - Shot Misses the Net.
6:58 of 1st period - Wrist shot by Andrei Kostitsyn.
6:58 of 1st period - Shot Misses the Net.
7:08 of 1st period - Mikkel Boedker is hit by Kristopher Letang and loses puck.
7:48 of 1st period - Jack Johnson is hit by Georges Laraque and loses puck.
8:52 of 1st period - Wrist shot by Tyler Ennis.
8:52 of 1st period - Shot Blocked by Jack Johnson.
8:54 of 1st period - Slapshot by Toni Lydman.
8:54 of 1st period - Stopped by Dan Ellis without a rebound.
8:55 of 1st period - Vincent Lecavalier wins face-off versus Mike Comrie in Avalanche zone.
8:56 of 1st period - Slapshot by Marian Gaborik.
8:56 of 1st period - Shot Misses the Net.
9:12 of 1st period - Snap shot by Alexander Radulov.
9:12 of 1st period - Shot Misses the Net.
9:19 of 1st period - Icing by Kristopher Letang.
9:20 of 1st period - Brooks Laich wins face-off versus Paul Stastny in Coyotes zone.
9:29 of 1st period - Paul Stastny is hit by Martin Samuelsson.
9:33 of 1st period - Martin Samuelsson is hit by Johnny Boychuk and loses puck.
9:45 of 1st period - Icing by Vincent Lecavalier.
9:46 of 1st period - Vincent Lecavalier wins face-off versus Bryan Little in Coyotes zone.
10:12 of 1st period - Anton Stralman is hit by Andrew Ladd and loses puck.
10:44 of 1st period - Off-side.
10:45 of 1st period - Maxim Talbot wins face-off versus Bryan Little in neutral zone.
11:02 of 1st period - Backhand shot by Corey Perry.
11:02 of 1st period - Shot Blocked by Georges Laraque.
11:40 of 1st period - Wrist shot by Enver Lisin.
11:40 of 1st period - Shot Misses the Net.
11:42 of 1st period - Slapshot by Martin Samuelsson.
11:42 of 1st period - Shot Misses the Net.
11:44 of 1st period - Slapshot by Brent Sopel.
11:44 of 1st period - Stopped by Dan Ellis without a rebound.
11:45 of 1st period - Mike Comrie wins face-off versus Zach Parise in Avalanche zone.
11:45 of 1st period - Mike Comrie is hit by Marian Gaborik.
11:55 of 1st period - Wrist shot by Mike Comrie.
11:55 of 1st period - Stopped by Adam Munro with a rebound.
12:23 of 1st period - Minor Penalty to Bryan Little for Hooking.
12:24 of 1st period - Mike Comrie wins face-off versus Zach Parise in Avalanche zone.
12:40 of 1st period - Snap shot by Vincent Lecavalier.
12:40 of 1st period - Stopped by Dan Ellis without a rebound.
12:41 of 1st period - Mike Comrie wins face-off versus Vincent Lecavalier in Avalanche zone.
14:23 of 1st period - Penalty to Bryan Little is over, Bryan Little is back on ice.
14:40 of 1st period - Anton Stralman is hit by Andrew Ladd and loses puck.
14:47 of 1st period - Snap shot by Bryan Little.
14:47 of 1st period - Shot Blocked by Nazem Kadri.
14:49 of 1st period - Slapshot by Johnny Boychuk.
14:49 of 1st period - Deflect By Kristopher Letang.
14:49 of 1st period - Stopped by Adam Munro without a rebound.
14:50 of 1st period - Martin Samuelsson wins face-off versus Mike Comrie in Coyotes zone.
15:44 of 1st period - Wrist shot by Corey Perry.
15:44 of 1st period - Stopped by Adam Munro without a rebound.
15:45 of 1st period - Maxim Talbot wins face-off versus Mike Comrie in Coyotes zone.
15:50 of 1st period - Alexander Radulov is hit by Georges Laraque and loses puck.
15:57 of 1st period - Wrist shot by Ramzi Abid.
15:57 of 1st period - Deflect By Georges Laraque.
15:57 of 1st period - Stopped by Dan Ellis without a rebound.
15:58 of 1st period - Maxim Talbot wins face-off versus Bryan Little in Avalanche zone.
16:01 of 1st period - Wrist shot by Georges Laraque.
16:01 of 1st period - Stopped by Dan Ellis without a rebound.
16:02 of 1st period - Maxim Talbot wins face-off versus Corey Perry in Avalanche zone.
17:08 of 1st period - Nazem Kadri is hit by Jack Johnson and loses puck.
17:17 of 1st period - Slapshot by Chris Stewart.
17:17 of 1st period - Stopped by Dan Ellis with a rebound.
17:19 of 1st period - Snap shot by Tyler Ennis.
17:19 of 1st period - Stopped by Dan Ellis with a rebound.
17:21 of 1st period - Slapshot by Tyler Ennis.
17:21 of 1st period - Shot Misses the Net.
17:23 of 1st period - Slapshot by Tyler Ennis.
17:23 of 1st period - Stopped by Dan Ellis without a rebound.
17:24 of 1st period - Vincent Lecavalier wins face-off versus Bryan Little in Avalanche zone.
17:27 of 1st period - Wrist shot by Vincent Lecavalier.
17:27 of 1st period - Stopped by Dan Ellis without a rebound.
17:28 of 1st period - Vincent Lecavalier wins face-off versus Bryan Little in Avalanche zone.
17:34 of 1st period - Icing by Bryan Little.
17:35 of 1st period - Bryan Little wins face-off versus Vincent Lecavalier in Avalanche zone.
17:42 of 1st period - Snap shot by Marian Gaborik.
17:42 of 1st period - Stopped by Dan Ellis with a rebound.
17:44 of 1st period - Backhand shot by Zach Parise.
17:44 of 1st period - Stopped by Dan Ellis without a rebound.
17:45 of 1st period - Vincent Lecavalier wins face-off versus Bryan Little in Avalanche zone.
17:46 of 1st period - Snap shot by Zach Parise.
17:46 of 1st period - Stopped by Dan Ellis with a rebound.
17:48 of 1st period - Slapshot by Josh Gorges.
17:48 of 1st period - Stopped by Dan Ellis with a rebound.
17:50 of 1st period - Snap shot by Vincent Lecavalier.
17:50 of 1st period - Stopped by Dan Ellis with a rebound.
17:52 of 1st period - Slapshot by Zach Parise.
17:52 of 1st period - Goal by Zach Parise - Coyotes : 2 - Avalanche : 0.
17:53 of 1st period - Bryan Little wins face-off versus Vincent Lecavalier in neutral zone.
18:06 of 1st period - Slapshot by Corey Perry.
18:06 of 1st period - Deflect By Bryan Little.
18:06 of 1st period - Shot Blocked by Toni Lydman.
18:06 of 1st period - Puck is out of play.
18:07 of 1st period - Vincent Lecavalier wins face-off versus Mike Comrie in Coyotes zone.
18:07 of 1st period - Vincent Lecavalier is hit by Mikkel Boedker.
18:39 of 1st period - Wrist shot by Enver Lisin.
18:39 of 1st period - Stopped by Dan Ellis without a rebound.
18:40 of 1st period - Bryan Little wins face-off versus Brooks Laich in Avalanche zone.
19:11 of 1st period - Wrist shot by Enver Lisin.
19:11 of 1st period - Shot Misses the Net.
19:13 of 1st period - Wrist shot by Martin Samuelsson.
19:13 of 1st period - Shot Misses the Net.
19:23 of 1st period - Snap shot by Enver Lisin.
19:23 of 1st period - Shot Misses the Net.
19:25 of 1st period - Slapshot by Enver Lisin.
19:25 of 1st period - Shot Misses the Net.
19:27 of 1st period - Slapshot by Josh Gorges.
19:27 of 1st period - Stopped by Dan Ellis without a rebound.
19:28 of 1st period - Mike Comrie wins face-off versus Vincent Lecavalier in Avalanche zone.
19:41 of 1st period - Wrist shot by Mike Comrie.
19:41 of 1st period - Stopped by Adam Munro with a rebound.
19:44 of 1st period - Icing by Josh Gorges.
19:45 of 1st period - Vincent Lecavalier wins face-off versus Paul Stastny in Coyotes zone.
19:45 of 1st period - Vincent Lecavalier is hit by Andrew Ladd.
Goals for this period are 2 for Coyotes vs 0 for Avalanche.
Shots for this period are 19 for Coyotes vs 13 for Avalanche.

2nd period


0:01 of 2nd period - Nazem Kadri wins face-off versus Mike Comrie in neutral zone.
0:34 of 2nd period - Snap shot by Vincent Lecavalier.
0:34 of 2nd period - Shot Misses the Net.
0:36 of 2nd period - Slapshot by Toni Lydman.
0:36 of 2nd period - Stopped by Dan Ellis with a rebound.
0:38 of 2nd period - Slapshot by Zach Parise.
0:38 of 2nd period - Stopped by Dan Ellis without a rebound.
0:39 of 2nd period - Maxim Talbot wins face-off versus Mike Comrie in Avalanche zone.
1:04 of 2nd period - Chris Stewart is hit by Bryan Little and loses puck.
1:27 of 2nd period - Snap shot by Paul Stastny.
1:27 of 2nd period - Deflect By Kristopher Letang.
1:27 of 2nd period - Shot Misses the Net.
1:27 of 2nd period - Puck is out of play.
1:28 of 2nd period - Vincent Lecavalier wins face-off versus Paul Stastny in Coyotes zone.
2:11 of 2nd period - Off-side.
2:12 of 2nd period - Bryan Little wins face-off versus Maxim Talbot in neutral zone.
3:49 of 2nd period - Snap shot by Corey Perry.
3:49 of 2nd period - Shot Misses the Net.
3:51 of 2nd period - Backhand shot by Jack Johnson.
3:51 of 2nd period - Stopped by Adam Munro with a rebound.
4:45 of 2nd period - Off-side.
4:46 of 2nd period - Brooks Laich wins face-off versus Paul Stastny in neutral zone.
5:17 of 2nd period - Slapshot by Mikkel Boedker.
5:17 of 2nd period - Stopped by Adam Munro with a rebound.
5:31 of 2nd period - Slapshot by Enver Lisin.
5:31 of 2nd period - Stopped by Dan Ellis with a rebound.
5:44 of 2nd period - Slapshot by Mikkel Boedker.
5:44 of 2nd period - Shot Misses the Net.
6:52 of 2nd period - Slapshot by Jack Johnson.
6:52 of 2nd period - Stopped by Adam Munro with a rebound.
7:20 of 2nd period - Slapshot by Brooks Laich.
7:20 of 2nd period - Shot Blocked by Mike Comrie.
7:46 of 2nd period - Slapshot by Jack Johnson.
7:46 of 2nd period - Goal by Jack Johnson - Coyotes : 2 - Avalanche : 1.
7:47 of 2nd period - Vincent Lecavalier wins face-off versus Andrei Kostitsyn in neutral zone.
8:24 of 2nd period - Nazem Kadri is hit by David Krejci and loses puck.
8:48 of 2nd period - Snap shot by Ramzi Abid.
8:48 of 2nd period - Shot Misses the Net.
8:54 of 2nd period - Anton Stralman is hit by Brandon Yip and loses puck.
9:24 of 2nd period - Snap shot by Paul Stastny.
9:24 of 2nd period - Stopped by Adam Munro with a rebound.
9:26 of 2nd period - Wrist shot by Brandon Yip.
9:26 of 2nd period - Shot Misses the Net.
9:28 of 2nd period - Slapshot by Johnny Boychuk.
9:28 of 2nd period - Shot Misses the Net.
9:30 of 2nd period - Slapshot by Andrew Ladd.
9:30 of 2nd period - Shot Blocked by Anton Stralman.
9:32 of 2nd period - Snap shot by Brandon Yip.
9:32 of 2nd period - Shot Blocked by Kristopher Letang.
9:40 of 2nd period - Wrist shot by Paul Stastny.
9:40 of 2nd period - Shot Misses the Net.
9:42 of 2nd period - Wrist shot by Brandon Yip.
9:42 of 2nd period - Stopped by Adam Munro without a rebound.
9:43 of 2nd period - Vincent Lecavalier wins face-off versus Corey Perry in Coyotes zone.
9:43 of 2nd period - Michael Del Zotto is hit by Bryan Little and loses puck.
10:04 of 2nd period - Minor Penalty to Bryan Little for Cross-checking.
10:05 of 2nd period - Mike Comrie wins face-off versus Vincent Lecavalier in Avalanche zone.
11:15 of 2nd period - Mike Comrie is hit by Vincent Lecavalier.
11:32 of 2nd period - Brandon Yip is hit by Josh Gorges and loses puck.
11:37 of 2nd period - Wrist shot by Zach Parise.
11:37 of 2nd period - Stopped by Dan Ellis with a rebound.
11:59 of 2nd period - Snap shot by Marian Gaborik.
11:59 of 2nd period - Shot Misses the Net.
12:04 of 2nd period - Penalty to Bryan Little is over, Bryan Little is back on ice.
12:05 of 2nd period - Snap shot by Marian Gaborik.
12:05 of 2nd period - Shot Blocked by Alexander Radulov.
12:21 of 2nd period - Snap shot by Bryan Little.
12:21 of 2nd period - Deflect By Zach Parise.
12:21 of 2nd period - Stopped by Adam Munro with a rebound.
12:23 of 2nd period - Slapshot by Mike Comrie.
12:23 of 2nd period - Goal by Mike Comrie - Coyotes : 2 - Avalanche : 2.
12:24 of 2nd period - Nazem Kadri wins face-off versus Bryan Little in neutral zone.
12:35 of 2nd period - Snap shot by Tyler Ennis.
12:35 of 2nd period - Goal by Tyler Ennis - Coyotes : 3 - Avalanche : 2.
12:36 of 2nd period - Bryan Little wins face-off versus Nazem Kadri in neutral zone.
12:59 of 2nd period - Nazem Kadri is hit by Johnny Boychuk and loses puck.
13:27 of 2nd period - Wrist shot by Bryan Little.
13:27 of 2nd period - Shot Blocked by Anton Stralman.
14:06 of 2nd period - Tyler Ennis is hit by Bryan Little and loses puck.
14:23 of 2nd period - Corey Perry is hit by Chris Stewart and loses puck.
15:31 of 2nd period - Wrist shot by Nazem Kadri.
15:31 of 2nd period - Deflect By Tyler Ennis.
15:31 of 2nd period - Shot Misses the Net.
15:31 of 2nd period - Puck is out of play.
15:32 of 2nd period - Mikkel Boedker wins face-off versus Vincent Lecavalier in Avalanche zone.
15:45 of 2nd period - Wrist shot by Mikkel Boedker.
15:45 of 2nd period - Stopped by Adam Munro without a rebound.
15:46 of 2nd period - Alexander Radulov wins face-off versus Vincent Lecavalier in Coyotes zone.
16:26 of 2nd period - Josh Gorges is hit by Chuck Kobasew and loses puck.
16:37 of 2nd period - Snap shot by Paul Stastny.
16:37 of 2nd period - Shot Misses the Net.
16:51 of 2nd period - Snap shot by Georges Laraque.
16:51 of 2nd period - Stopped by Dan Ellis with a rebound.
16:53 of 2nd period - Slapshot by Maxim Talbot.
16:53 of 2nd period - Stopped by Dan Ellis with a rebound.
16:55 of 2nd period - Slapshot by Maxim Talbot.
16:55 of 2nd period - Shot Misses the Net.
16:57 of 2nd period - Wrist shot by Maxim Talbot.
16:57 of 2nd period - Shot Blocked by Jack Johnson.
17:16 of 2nd period - Slapshot by Ramzi Abid.
17:16 of 2nd period - Shot Misses the Net.
17:18 of 2nd period - Slapshot by Brent Sopel.
17:18 of 2nd period - Stopped by Dan Ellis with a rebound.
17:20 of 2nd period - Slapshot by Brent Sopel.
17:20 of 2nd period - Stopped by Dan Ellis with a rebound.
17:32 of 2nd period - Wrist shot by Maxim Talbot.
17:32 of 2nd period - Stopped by Dan Ellis with a rebound.
17:34 of 2nd period - Slapshot by Brent Sopel.
17:34 of 2nd period - Stopped by Dan Ellis with a rebound.
17:36 of 2nd period - Slapshot by Ramzi Abid.
17:36 of 2nd period - Shot Misses the Net.
17:38 of 2nd period - Snap shot by Ramzi Abid.
17:38 of 2nd period - Deflect By Maxim Talbot.
17:38 of 2nd period - Shot Blocked by Andrew Ladd.
17:38 of 2nd period - Puck is out of play.
17:39 of 2nd period - Vincent Lecavalier wins face-off versus Mike Comrie in Avalanche zone.
18:09 of 2nd period - Toni Lydman is hit by Alexander Radulov and loses puck.
18:22 of 2nd period - Slapshot by Alexander Radulov.
18:22 of 2nd period - Stopped by Adam Munro without a rebound.
18:23 of 2nd period - David Krejci wins face-off versus Vincent Lecavalier in Coyotes zone.
19:09 of 2nd period - Zach Parise is hit by Jay Bouwmeester and loses puck.
19:16 of 2nd period - Minor Penalty to Marian Gaborik for Tripping.
19:17 of 2nd period - Bryan Little wins face-off versus Ramzi Abid in Coyotes zone.
Goals for this period are 1 for Coyotes vs 2 for Avalanche.
Shots for this period are 11 for Coyotes vs 10 for Avalanche.

3rd period


0:01 of 3rd period - Ramzi Abid wins face-off versus Bryan Little in neutral zone.
0:32 of 3rd period - Toni Lydman is hit by Jack Johnson and loses puck.
0:49 of 3rd period - Backhand shot by Bryan Little.
0:49 of 3rd period - Stopped by Adam Munro without a rebound.
0:50 of 3rd period - Paul Stastny wins face-off versus Martin Samuelsson in Coyotes zone.
1:16 of 3rd period - Penalty to Marian Gaborik is over, Marian Gaborik is back on ice.
1:28 of 3rd period - Wrist shot by Marian Gaborik.
1:28 of 3rd period - Stopped by Dan Ellis without a rebound.
1:29 of 3rd period - Nazem Kadri wins face-off versus David Krejci in Avalanche zone.
1:40 of 3rd period - Snap shot by Chuck Kobasew.
1:40 of 3rd period - Goal by Chuck Kobasew - Coyotes : 3 - Avalanche : 3.
1:41 of 3rd period - Mike Comrie wins face-off versus Vincent Lecavalier in neutral zone.
2:08 of 3rd period - Brent Sopel is hit by Corey Perry.
4:04 of 3rd period - Snap shot by Marian Gaborik.
4:04 of 3rd period - Stopped by Dan Ellis with a rebound.
4:06 of 3rd period - Wrist shot by Vincent Lecavalier.
4:06 of 3rd period - Shot Blocked by Ryan Smyth.
4:35 of 3rd period - Alexander Radulov is hit by Georges Laraque and loses puck.
5:28 of 3rd period - Marc Staal is hit by Martin Samuelsson.
5:32 of 3rd period - Enver Lisin is hit by Johnny Boychuk and loses puck.
5:47 of 3rd period - Kristopher Letang is hit by Andrei Kostitsyn.
6:11 of 3rd period - Snap shot by Chris Stewart.
6:11 of 3rd period - Shot Misses the Net.
6:13 of 3rd period - Wrist shot by Chris Stewart.
6:13 of 3rd period - Shot Misses the Net.
6:15 of 3rd period - Wrist shot by Kristopher Letang.
6:15 of 3rd period - Shot Blocked by Jay Bouwmeester.
6:17 of 3rd period - Slapshot by Tyler Ennis.
6:17 of 3rd period - Stopped by Dan Ellis with a rebound.
6:19 of 3rd period - Wrist shot by Nazem Kadri.
6:19 of 3rd period - Shot Misses the Net.
6:33 of 3rd period - Slapshot by Josh Gorges.
6:33 of 3rd period - Stopped by Dan Ellis without a rebound.
6:34 of 3rd period - Maxim Talbot wins face-off versus Andrei Kostitsyn in Avalanche zone.
6:41 of 3rd period - Snap shot by Andrei Kostitsyn.
6:41 of 3rd period - Deflect By Corey Perry.
6:41 of 3rd period - Shot Misses the Net.
6:41 of 3rd period - Puck is out of play.
6:42 of 3rd period - Vincent Lecavalier wins face-off versus Bryan Little in Coyotes zone.
7:10 of 3rd period - Bryan Little is hit by Brent Sopel and loses puck.
7:17 of 3rd period - Snap shot by Nazem Kadri.
7:17 of 3rd period - Shot Misses the Net.
7:24 of 3rd period - Icing by Andrei Kostitsyn.
7:25 of 3rd period - Bryan Little wins face-off versus Maxim Talbot in Avalanche zone.
7:34 of 3rd period - Slapshot by Mikkel Boedker.
7:34 of 3rd period - Stopped by Adam Munro with a rebound.
7:36 of 3rd period - Slapshot by Mikkel Boedker.
7:36 of 3rd period - Stopped by Adam Munro without a rebound.
7:37 of 3rd period - Vincent Lecavalier wins face-off versus Mike Comrie in Coyotes zone.
7:42 of 3rd period - Pernell Karl Subban is hit by Zach Parise and loses puck.
7:53 of 3rd period - Snap shot by Mikkel Boedker.
7:53 of 3rd period - Shot Blocked by Kristopher Letang.
8:09 of 3rd period - Snap shot by David Krejci.
8:09 of 3rd period - Shot Blocked by Anton Stralman.
9:24 of 3rd period - Ramzi Abid is hit by Mikkel Boedker and loses puck.
10:23 of 3rd period - Wrist shot by Maxim Talbot.
10:23 of 3rd period - Shot Misses the Net.
10:30 of 3rd period - Slapshot by Michael Del Zotto.
10:30 of 3rd period - Shot Blocked by Shane O'Brien.
10:32 of 3rd period - Wrist shot by Georges Laraque.
10:32 of 3rd period - Stopped by Dan Ellis with a rebound.
10:34 of 3rd period - Snap shot by Toni Lydman.
10:34 of 3rd period - Stopped by Dan Ellis without a rebound.
10:35 of 3rd period - Vincent Lecavalier wins face-off versus Bryan Little in Avalanche zone.
11:10 of 3rd period - Wrist shot by Andrew Ladd.
11:10 of 3rd period - Stopped by Adam Munro with a rebound.
12:07 of 3rd period - Wrist shot by Zach Parise.
12:07 of 3rd period - Shot Blocked by Brandon Yip.
12:09 of 3rd period - Slapshot by Brent Sopel.
12:09 of 3rd period - Shot Blocked by Paul Stastny.
12:11 of 3rd period - Snap shot by Zach Parise.
12:11 of 3rd period - Deflect By Vincent Lecavalier.
12:11 of 3rd period - Shot Misses the Net.
12:11 of 3rd period - Puck is out of play.
12:12 of 3rd period - Bryan Little wins face-off versus Nazem Kadri in Avalanche zone.
12:48 of 3rd period - Snap shot by Brooks Laich.
12:48 of 3rd period - Shot Misses the Net.
13:00 of 3rd period - Shane O'Brien is hit by Toni Lydman and loses puck.
13:47 of 3rd period - Georges Laraque is hit by David Krejci and loses puck.
14:34 of 3rd period - Minor Penalty to Tyler Ennis for Interference.
14:35 of 3rd period - Bryan Little wins face-off versus Ramzi Abid in Coyotes zone.
14:49 of 3rd period - Wrist shot by Andrei Kostitsyn.
14:49 of 3rd period - Shot Misses the Net.
14:51 of 3rd period - Slapshot by Jay Bouwmeester.
14:51 of 3rd period - Stopped by Adam Munro with a rebound.
16:34 of 3rd period - Penalty to Tyler Ennis is over, Tyler Ennis is back on ice.
16:55 of 3rd period - Nazem Kadri is hit by David Krejci and loses puck.
17:34 of 3rd period - David Krejci is hit by Zach Parise.
18:34 of 3rd period - Georges Laraque is hit by Paul Stastny.
18:38 of 3rd period - Brent Sopel is hit by Johnny Boychuk and loses puck.
18:51 of 3rd period - Zach Parise is hit by Mike Comrie and loses puck.
Goals for this period are 0 for Coyotes vs 1 for Avalanche.
Shots for this period are 6 for Coyotes vs 6 for Avalanche.

Overtime #1


0:01 of 1st overtime period - Corey Perry wins face-off versus Vincent Lecavalier in neutral zone.
0:12 of 1st overtime period - Snap shot by Corey Perry.
0:12 of 1st overtime period - Shot Misses the Net.
0:23 of 1st overtime period - Icing by Kristopher Letang.
0:24 of 1st overtime period - Vincent Lecavalier wins face-off versus Corey Perry in Coyotes zone.
0:37 of 1st overtime period - Minor Penalty to Andrei Kostitsyn for Roughing.
0:38 of 1st overtime period - Corey Perry wins face-off versus Vincent Lecavalier in Avalanche zone.
1:12 of 1st overtime period - Slapshot by Anton Stralman.
1:12 of 1st overtime period - Stopped by Dan Ellis with a rebound.
1:46 of 1st overtime period - Snap shot by Marian Gaborik.
1:46 of 1st overtime period - Shot Blocked by Marc Staal.
1:48 of 1st overtime period - Wrist shot by Marian Gaborik.
1:48 of 1st overtime period - Shot Misses the Net.
1:50 of 1st overtime period - Slapshot by Josh Gorges.
1:50 of 1st overtime period - Shot Misses the Net.
1:52 of 1st overtime period - Slapshot by Brent Sopel.
1:52 of 1st overtime period - Goal by Brent Sopel - Coyotes : 4 - Avalanche : 3.
Goals for this period are 1 for Coyotes vs 0 for Avalanche.
Shots for this period are 2 for Coyotes vs 0 for Avalanche.